 Dungeon Crawl Stone Soup version 0.32-a0-411-g744942f433 (webtiles) character file.

Game seed: 15328759491075469074

82 lunkers the Shooter (level 4, -1/32 HPs)
             Began as a Coglin Wanderer on Feb 21, 2024.
             Slain by Ijyb
             ... wielding a +0 club
              (6 damage)
             ... on level 3 of the Dungeon.
             The game lasted 00:03:04 (1533 turns).

lunkers the Shooter (Coglin Wanderer)               Turns: 1533, Time: 00:03:04

Health: -1/32      AC:  3    Str: 11    XL:     4   Next: 43%
Magic:  5/5        EV: 12    Int: 12    God:
Gold:   57         SH:  0    Dex: 16    Spells: 4/5 levels left

rFire   + . .        a - +2 sling {Yolanda}
rCold   + + .        e - +0 sling {Tejnoor}
rNeg    . . .        l - +0 leather armour
rPois   .            (no helmet)
rElec   .            n - scarf {rC+ rF+}
rCorr   .            (no gloves)
SInv    .            (no boots)
Will    .....        (no amulet)
Stlth   +            k - ring of protection from cold
HPRegen 0.25/turn    (no ring)
MPRegen 0.09/turn

%: no passive effects
@: revving
A: off-hand wielding, slow wielding, warmup strikes, legs shutdown
a: no special abilities


You were on level 3 of the Dungeon.
You visited 1 branch of the dungeon, and saw 3 of its levels.

You collected 57 gold pieces.

Inventory:

Hand Weapons
 a - a +2 sling (weapon) {Yolanda}
 e - a +0 sling (offhand) {Tejnoor}
Armour
 b - a +0 cloak
 l - a +0 leather armour (worn)
 n - a scarf of resistance (worn)
Jewellery
 k - a ring of protection from cold (left grasper)
Talismans
 g - a flux talisman
Scrolls
 c - a scroll of blinking
 f - a scroll of revelation {unknown}
 m - a scroll of enchant weapon {unknown}


   Skills:
 - Level 1.0 Fighting
 + Level 4.1 Ranged Weapons
 - Level 2.6 Dodging
 - Level 1.0 Spellcasting
 - Level 2.6 Fire Magic


You had 4 spell levels left.
You knew the following spells:

 Your Spells              Type           Power      Damage    Failure   Level
p - Foxfire               Conj/Fire      12%        2x1d4     22%         1

Your spell library contained the following spells:

 Spells                   Type           Power      Damage    Failure   Level
 Inner Flame              Hex/Fire       3%         N/A       56%         3


Dungeon Overview and Level Annotations

Branches:
Dungeon (3/15)

Altars:

Annotations:
D:3 Ijyb


Innate Abilities, Weirdness & Mutations

You can wield a second weapon in your off-hand.
It takes a long time for you to wield or remove held weapons.
Your first few attacks do less damage.
Attacking and casting redirects power from your legs.


Message History

The sling bullet completely misses Ijyb.
Ijyb hits you with a +0 club.
* * * LOW HITPOINT WARNING * * *
Ijyb hits you with a +0 club.
* * * LOW HITPOINT WARNING * * *
Unknown command.
Unknown command.
You shoot a sling bullet. x2; Ijyb hits you but does no damage.
You shoot a sling bullet. x2
You feel less confused. Ijyb barely misses you.
You shoot a sling bullet. The sling bullet barely misses Ijyb.
You shoot a sling bullet.
The sling bullet hits Ijyb but does no damage.
Ijyb is almost dead.
Ijyb hits you with a +0 club.
* * * LOW HITPOINT WARNING * * *
Unknown command.
Fire: a) +2 sling {Yolanda}
Press: ? - help, Q - select action, (/) - cycle Shift-Dir - straight line, f/p - Ijyb
Aim: Ijyb, wielding a +0 club, wearing a +0 chain mail and carrying a wand of charming (almost dead, 62% to hit)
You shoot a sling bullet.
The sling bullet hits Ijyb but does no damage.
Ijyb is almost dead.
You shoot a sling bullet. The sling bullet hits Ijyb.
Ijyb is almost dead.
Ijyb zaps a wand.
You resist with some effort. Ijyb misses you.
Unknown command.
Fire: a) +2 sling {Yolanda}
Press: ? - help, Q - select action, (/) - cycle Shift-Dir - straight line, f/p - Ijyb
Aim: Ijyb, wielding a +0 club, wearing a +0 chain mail and carrying a wand of charming (almost dead, 62% to hit)
You shoot a sling bullet.
The sling bullet hits Ijyb but does no damage.
Ijyb is almost dead.
You shoot a sling bullet. The sling bullet closely misses Ijyb.
Ijyb hits you with a +0 club.
You die...
Ijyb screams, "Time for next experiment!"

##.#....###.#..
#...<..........
#.......###.#..
#.###)#.# #.
#..#.# #.
#.##.# #. #.
#.# #.##.##.#
#..>.@g.#
####.#### #..
#... ##.. ##.
#. ..


You could see Ijyb.

Vanquished Creatures
  An adder (D:2)
  A dart slug (D:1)
  3 ball pythons
  4 endoplasms
  2 giant cockroaches (D:2)
  5 hobgoblins
  3 quokkas
  2 bats
  A frilled lizard (D:1)
  A goblin (D:1)
  11 kobolds
  7 rats
41 creatures vanquished.

Notes
Turn   | Place    | Note
-------+----------+-------------------------------------------
     0 | D:1      | lunkers the Coglin Wanderer began the quest for the Orb.
     0 | D:1      | lunkers set off with the following items: a +2 sling
                  | {Yolanda}, a +0 cloak, a scroll of blinking, a +0 robe; and
                  | the following spell memorised: Foxfire; and the following
                  | spells available to memorise: Inner Flame.
     0 | D:1      | Reached XP level 1. HP: 15/15 MP: 2/2
    36 | D:1      | Reached skill level 2 in Ranged Weapons
   140 | D:1      | Reached XP level 2. HP: 21/21 MP: 3/3
   566 | D:1      | Found a faded altar of an unknown god.
   569 | D:1      | Reached skill level 3 in Ranged Weapons
   643 | D:1      | Reached XP level 3. HP: 26/26 MP: 4/4
   990 | D:2      | Reached XP level 4. HP: 32/32 MP: 5/5
  1124 | D:2      | Reached skill level 4 in Ranged Weapons
  1415 | D:3      | Noticed Ijyb
  1533 | D:3      | Slain by Ijyb

Illustrated notes

Levels and vault maps discovered:
D:1:      amcnicky_arrival_blooded_trapdoor, layout_basic,
          ebering_ecumenical_altar_rust
D:2:      layout_basic, kennysheep_generic_room_5
D:3:      layout_loops_corners, fedhas_altar_fruit_tree, uniq_natasha, uniq_ijyb

Skill      XL: |  1  2  3  4 |
---------------+-------------+-----
Ranged Weapons | 2 3 4 |  4.1
Fighting       | |  1.0
Dodging        | |  2.6
Spellcasting   | |  1.0
Fire Magic     | |  2.6

Action                     |  1- 3 |  4- 6 || total
---------------------------+-------+-------++-------
  Melee: Sling             |       |     2 ||     2
   Fire: Sling             |   100 |   200 ||   300
    Use: Potion            |       |     3 ||     3
 Armour: Robe              |     3 |       ||     3
         Leather armour    |       |    34 ||    34
         Skin              |       |    17 ||    17
  Dodge: Dodged            |     5 |    30 ||    35

Table legend: (Time is in decaauts)
 A = Elapsed time spent in this place.
 B = Non-inter-level travel time spent in this place.
 C = Inter-level travel time spent in this place.
 D = Time resting spent in this place.
 E = Time spent auto-exploring this place.
 F = Levels seen in this place.
 G = Mean time per level.
                   A        B        C        D        E       F      G
               +--------+--------+--------+--------+--------+-----+--------+
         Total |   1565 |   1389 |    176 |      0 |   1068 |   3 |  521.7 |
       Dungeon |   1565 |   1389 |    176 |      0 |   1068 |   3 |  521.7 |
               +--------+--------+--------+--------+--------+-----+--------+

Top non-repeatable levels by time:
     D:1: 876 daAuts
     D:2: 553 daAuts
     D:3: 134 daAuts
